 Dungeon Crawl Stone Soup version 0.29-a0-813-g4a14ea37d6 (webtiles) character file.

Game seed: 6424264142446539151

60 polve the Chopper (level 3, -6/42 HPs)
             Began as a Demonspawn Gladiator on July 4, 2022.
             Killed from afar by Robin (23 damage)
             ... with a bolt of dispelling energy
             ... on level 3 of the Dungeon.
             The game lasted 00:01:12 (2196 turns).

polve the Chopper (Demonspawn Gladiator)            Turns: 2196, Time: 00:01:12

Health: -6/42      AC: 21    Str: 16    XL:     3   Next: 80%
Magic:  3/3        EV:  2    Int:  9    God:
Gold:   99         SH:  0    Dex: 14    Spells: 2/2 levels left

rFire   . . .      SeeInvis .   a - +0 war axe
rCold   . . .      Faith    .   (no shield)
rNeg    . . .      Spirit   .   (body armour currently unavailable)
rPois   +          Reflect  .   (helmet currently unavailable)
rElec   .          Harm     .   (cloak currently unavailable)
rCorr   .          Rampage  .   (gloves currently unavailable)
Will    .....      NoTele   +   (boots currently unavailable)
Stlth   +.........              (no amulet)
HPRegen 0.14/turn               (no ring)
MPRegen 0.08/turn               (no ring)

@: tree-form (expiring)
A: stationary, stasis, torment immunity, boosted hp, (hooves 2)
a: no special abilities


You were on level 3 of the Dungeon.
You were a tree.
You visited 1 branch of the dungeon, and saw 3 of its levels.

You collected 99 gold pieces.

Inventory:

Hand Weapons
 a - a +0 war axe (weapon)
Missiles
 d - 3 throwing nets (quivered)
 e - a javelin
Armour
 b - a +0 leather armour (melded)
 c - a +0 helmet (melded)
Scrolls
 g - a scroll of enchant weapon {unknown}
 i - a scroll of poison {unknown}
 k - 5 scrolls of identify {unknown}
 p - a scroll of noise {unknown}
 q - 2 scrolls of immolation {unknown}
Potions
 f - a potion of curing {unknown}
 h - a potion of degeneration {unknown}
 j - a potion of heal wounds
 l - a potion of lignification
 m - a potion of cancellation {unknown}
 n - 2 potions of flight {unknown}
 o - a potion of mutation {unknown}


   Skills:
 - Level 2.4 Fighting
 - Level 3.0 Axes
 - Level 1.7 Throwing
 - Level 2.6 Dodging
 + Level 2.6 Unarmed Combat


You had 2 spell levels left.
You didn't know any spells.
Your spell library contained the following spells:

 Spells                   Type           Power      Damage    Failure   Level
 Magic Dart               Conj           0%         1d3       38%         1
 Searing Ray              Conj           0%         2d4       52%         2
 Call Canine Familiar     Summ           0%         N/A       77%         3
 Dazzling Flash           Conj/Hex       0%         N/A       77%         3
 Portal Projectile        Hex/Tloc       0%         N/A       77%         3
 Fulminant Prism          Conj/Hex       0%         3d6       99%         4
 Leda's Liquefaction      Hex/Erth       0%         N/A       99%         4
 Agony                    Necr           0%         N/A       100%        5
 Silence                  Hex/Air        0%         N/A       100%        5


Dungeon Overview and Level Annotations

Branches:
Dungeon (3/15)

Altars:

Annotations:
D:3 Robin


Innate Abilities, Weirdness & Mutations

You are a tree.
Your roots penetrate the ground, keeping you stationary.
You cannot be teleported.
You are immune to unholy pain and torment.
Your maximum health is greatly increased.
Your equipment is partially melded.
((You have hoof-like feet.))


Message History

The goblin no longer looks unusually strong. x2
The goblin hits you but does no damage. The goblin hits you with a +0 dagger.
The goblin barely misses you.
Robin roars a battlecry!
The goblins go into a battle-frenzy!
The goblin hits you but does no damage.
You slash the goblin!
You kill the goblin!
You closely miss the goblin. The goblin hits you but does no damage.
Robin hits you but does no damage.
You hit the goblin.
The goblin is severely wounded.
You hit the goblin.
You kill the goblin!
The goblin hits you but does no damage.
Robin laughs in a distinctly smug fashion.
Robin throws the goblin at you!
The orc priest looks braver for a moment.
You barely miss the orc. Your punch misses the orc. You hit the goblin.
You kill the goblin!
Robin barely misses you. The orc hits you but does no damage.
Robin hits you but does no damage. The orc hits you but does no damage.
You closely miss the orc. x2; Robin hits you but does no damage.
The orc hits you but does no damage. x2
You slash the orc!
You kill the orc!
You slash the orc!
You kill the orc!
Robin throws the goblin at you! The goblin hits you with a +0 club.
The orc priest calls down the wrath of Beogh upon you.
Beogh smites you!
You cannot move.
You cannot move.
You cannot move.
You closely miss the goblin. The goblin hits you with a +0 club.
Robin zaps a wand.
The bolt of dispelling energy hits you!!
Your magical effects are unravelling.
Ouch! That really hurt!
You die...

###.
.....
###o.....
#♣)g.....
#g#o.....
#.# .....
#.# ####
#.# #.#
#.# #.#
####.#


You could see Robin, an orc priest, an orc and a goblin (strong).

Vanquished Creatures
  An adder (D:3)
  A dart slug (D:2)
  2 orcs (D:3)
  6 hobgoblins
  3 jackals (D:2)
  2 ball pythons (D:1)
  5 bats
  3 frilled lizards
  14 goblins
  3 kobolds
  2 rats (D:1)
42 creatures vanquished.

Notes
Turn   | Place    | Note
-------+----------+-------------------------------------------
     0 | D:1      | polve the Demonspawn Gladiator began the quest for the Orb.
     0 | D:1      | Reached XP level 1. HP: 16/16 MP: 1/1
   380 | D:1      | Reached skill level 3 in Axes
   380 | D:1      | Discovered your monstrous ancestry.
   380 | D:1      | Gained mutation: You have large cloven feet. [demonic
                  | ancestry]
   380 | D:1      | Reached XP level 2. HP: 23/23 MP: 2/2
   902 | D:1      | Reached skill level 1 in Unarmed Combat
  1422 | D:2      | Gained mutation: You have hoof-like feet. [demonic
                  | ancestry]
  1422 | D:2      | Reached XP level 3. HP: 28/28 MP: 3/3
  1746 | D:2      | Identified the +0 leather armour of Elyvilon's Hatred
                  | {rElec}
  2176 | D:3      | Noticed Robin
  2196 | D:3      | Killed from afar by Robin

Illustrated notes

Levels and vault maps discovered:
D:1:      erik_arrival_triangle_huge, layout_loops_corners
D:2:      layout_loops_corners
D:3:      layout_basic, minmay_checkerbox, uniq_grinder, uniq_robin,
          uniq_crazy_yiuf_cottage

Skill      XL: |  1  2  3 |
---------------+----------+-----
Axes           | 3 |  3.0
Unarmed Combat | 1 2 |  2.6
Fighting       | |  2.4
Throwing       | |  1.7
Dodging        | |  2.6

Action                   || total
-------------------------++-------
Melee: War axe           ||    80
       Kick              ||    10
  Use: Potion            ||     2
 Stab: Sleeping          ||     1
Armor: Leather armour    ||    20
       Skin              ||    37
Dodge: Dodged            ||    49

Table legend: (Time is in decaauts)
 A = Elapsed time spent in this place.
 B = Non-inter-level travel time spent in this place.
 C = Inter-level travel time spent in this place.
 D = Time resting spent in this place.
 E = Time spent auto-exploring this place.
 F = Levels seen in this place.
 G = Mean time per level.
                   A        B        C        D        E       F      G
               +--------+--------+--------+--------+--------+-----+--------+
         Total |   2222 |   2169 |     53 |      0 |   1926 |   3 |  740.7 |
       Dungeon |   2222 |   2169 |     53 |      0 |   1926 |   3 |  740.7 |
               +--------+--------+--------+--------+--------+-----+--------+

Top non-repeatable levels by time:
     D:1: 1202 daAuts
     D:2: 979 daAuts
     D:3: 40 daAuts
